 Dungeon Crawl Stone Soup version 0.25-a0-990-g0adbbaad2a (webtiles) character file.

Game seed: 3580576215503019266, levelgen mode: deterministic

4677 Azyl the Grappler (level 10, -10/78 HPs)
             Began as a Red Draconian Transmuter on May 9, 2020.
             Was a Follower of Makhleb.
             Mangled by a five-headed hydra (16 damage)
             ... on level 1 of the Lair of Beasts on May 10, 2020.
             The game lasted 00:40:22 (8418 turns).

Azyl the Grappler (Red Draconian Transmuter)        Turns: 8418, Time: 00:40:23

Health: -10/78     AC:  8    Str: 14    XL:     10   Next: 21%
Magic:  15/19      EV: 17    Int: 14    God:    Makhleb [*.....]
Gold:   362        SH:  0    Dex: 13    Spells: 15/21 levels left

rFire    + + .     SeeInvis .     - Unarmed
rCold    . . .     Gourm    .   (no shield)
rNeg     . . .     Faith    .   (armour unavailable)
rPois    .         Spirit   .   (helmet restricted)
rElec    .         Reflect  .   I - +0 cloak
rCorr    .         Harm     .   (no gloves)
MR       .....                  (no boots)
Stlth    +.........             g - amulet of regeneration
HPRegen  0.63/turn              y - +2 ring of evasion
MPRegen  0.16/turn              s - ring of protection from fire

@: no status effects
A: breathe fire, unfitting armour, fire resistance 1, cold-blooded, AC +7
a: Breathe Fire, Renounce Religion


You were on level 1 of the Lair of Beasts.
You worshipped Makhleb.
Makhleb was aware of your devotion.
You were not hungry.

You visited 3 branches of the dungeon, and saw 10 of its levels.
You also visited: Sewer.

You collected 461 gold pieces.
You spent 99 gold pieces at shops.

Inventory:

Hand Weapons
 m - a +0 hunting sling
Missiles
 a - 239 arrows (quivered)
Armour
 I - a +0 cloak (worn)
Jewellery
 g - an amulet of regeneration (around neck)
 j - an uncursed ring of flight
 r - an uncursed ring of protection from cold
 s - a ring of protection from fire (right hand)
 v - an uncursed ring of resist corrosion
 x - an uncursed amulet of guardian spirit
 y - a +2 ring of evasion (left hand)
 D - an uncursed ring of protection from fire
 E - an uncursed ring of protection from fire
Wands
 z - a wand of random effects (12)
 A - a wand of iceblast (10)
 B - a wand of paralysis (9)
Scrolls
 h - 2 scrolls of magic mapping
 k - 4 scrolls of remove curse
 l - 3 scrolls of amnesia
 o - 2 scrolls of fear
 p - 8 scrolls of teleportation
 F - a scroll of identify
Potions
 b - 2 potions of magic
 d - 4 potions of might
 e - 3 potions of lignification
 f - 4 potions of curing
 i - 9 potions of heal wounds
 n - a potion of brilliance
 q - 3 potions of haste
 t - 2 potions of resistance {unknown}
 u - a potion of cancellation {unknown}
 w - 3 potions of stabbing {unknown}
 C - a potion of mutation {unknown}
 H - a potion of invisibility {unknown}
Comestibles
 c - 17 rations


   Skills:
 + Level 4.1 Fighting
 - Level 1.0 Throwing
 + Level 5.9 Dodging
 - Level 0.2 Stealth
 - Level 10.0 Unarmed Combat
 - Level 6.0 Spellcasting
 - Level 6.0 Transmutations
 - Level 3.0 Poison Magic


You had 15 spell levels left.
You knew the following spells:

 Your Spells              Type           Power        Failure   Level  Hunger
a - Beastly Appendage     Tmut           ###...       1%          1    None
b - Sticks to Snakes      Tmut           ###.....     1%          2    #......
c - Spider Form           Tmut/Pois      ###.......   8%          3    ###....

Your spell library contained the following spells:

 Spells                   Type           Power        Failure   Level  Hunger
 Corona                   Hex            #......      16%         1    None
 Ensorcelled Hibernation  Hex/Ice        #.....       24%         2    #......
 Blade Hands              Tmut           ###.......   36%         5    ######.
 Ice Form                 Ice/Tmut       ##......     41%         4    ####...
 Confusing Touch          Hex            #.......     43%         3    ###....
 Dazzling Flash           Conj/Hex       #.....       43%         3    ###....
 Tukima's Dance           Hex            #.......     43%         3    ###....


Dungeon Overview and Level Annotations

Branches:
Dungeon (8/15)             Temple (1/1) D:7            Lair (1/6) D:8
  Sewer (visited)

Altars:
Ashenzari
Cheibriados
Dithmenos
Elyvilon
Fedhas
Gozag
Hepliaklqana
Kikubaaqudgha
Makhleb
Nemelex Xobeh
Qazlal
Ru
Sif Muna
Trog
Uskayaw
Vehumet
Wu Jian
Xom
Yredelemnul
Zin
The Shining One

Shops:
D:7 *

Annotations:
D:5 3 runed translucent doors, YoungGLord's ghost, novice GrEE


Innate Abilities, Weirdness & Mutations

You can breathe blasts of fire.
Your fiery red scales are hard. (AC +7)
You cannot fit into any form of body armour.
Your flesh is heat resistant. (rF+)
You are cold-blooded and may be slowed by cold attacks.


Message History

Your adder bites the five-headed hydra.
You hit the five-headed hydra.
The five-headed hydra is severely wounded.
The five-headed hydra bites you. The five-headed hydra misses you.
The five-headed hydra completely misses you.
The five-headed hydra bites you!
* * * LOW HITPOINT WARNING * * *
The five-headed hydra barely misses you.
Your adder bites the five-headed hydra.
Your adder bites the five-headed hydra.
Casting: Sticks to Snakes (safe; 8% risk of failure)
Confirm with . or Enter, or press ? or * to list all spells.
You create 2 snakes!
You now have 239 arrows.
Your transformation has ended.
Your +0 cloak unmelds from your body.
The five-headed hydra closely misses you.
The five-headed hydra bites you!
* * * LOW HITPOINT WARNING * * *
The five-headed hydra misses you. The five-headed hydra bites you!
You die...

P♣♣♣# #...# ##. ♣≈♣#####
#######'### #.. ≈......#
#.........# #.# .......#
##.........# ###.# .......#
#..........# ### #....
.......## ##.........##..##
#.... .......P#
#.>.S......'....# #....
.......#####..>...S..###..#
#....
.......#.##.....@D...#
...+....
.......'...+......S..#
###....
.......#####.........#
#.... #######.# ###P#..####
#.... ### ###### #.#.# ####


You could see a five-headed hydra, 2 friendly adders and a friendly ball python.

Vanquished Creatures
  A spiny frog (Lair:1)
  4 blink frogs (Lair:1)
  3 hippogriffs
  Eustachio (D:6)
  Menkaure (D:6)
  A water moccasin (Lair:1)
  Edmund (D:6)
  2 orc warriors
  2 sky beasts (D:6)
  4 ogres
  A necrophage (D:8)
  3 centaurs
  3 big kobolds (Sewer)
  Blork the orc (D:5)
  2 bullfrogs
  A scorpion (D:8)
  A killer bee (D:6)
  4 wights
  An electric eel (Lair:1)
  6 crimson imps
  A howler monkey (D:7)
  2 hounds (D:7)
  A jelly (D:7)
  2 orc priests
  2 orc wizards
  A centaur skeleton (D:5)
  3 iguanas
  3 worker ants
  A hound skeleton (D:6)
  Robin (D:2)
  A worker ant zombie (D:7)
  12 adders
  A river rat (D:4)
  A shadow imp (D:8)
  An adder zombie (D:8)
  2 oozes
  2 adder skeletons
  7 worms
  2 dart slugs
  A leopard gecko (D:2)
  10 orcs
  3 giant cockroaches
  9 goblins
  13 hobgoblins
  3 jackals
  18 kobolds
  A quokka (D:3)
  4 ball pythons
  9 bats
  7 frilled lizards
  A goblin zombie (D:5)
  2 hobgoblin zombies (D:5)
  A jackal skeleton (D:7)
  A kobold zombie (D:5)
  2 orc skeletons (D:5)
  2 orc zombies (D:5)
  6 rats
182 creatures vanquished.

Vanquished Creatures (collateral kills)
  An ogre (D:7)
  A black bear (D:6)
  A bullfrog (D:6)
  An orc priest (D:8)
  3 goblins (D:2)
  2 hobgoblins (D:2)
  A kobold (Sewer)
  A bat (D:3)
  A frilled lizard (Sewer)
12 creatures vanquished.

Vanquished Creatures (others)
  A fungus (Lair:1)
  A plant (Lair:1)
2 creatures vanquished.

Grand Total: 196 creatures vanquished

Notes
Turn   | Place    | Note
-------+----------+-------------------------------------------
     0 | D:1      | Azyl the Draconian Transmuter began the quest for the Orb.
     0 | D:1      | Reached XP level 1. HP: 16/16 MP: 3/3
   157 | D:1      | Reached XP level 2. HP: 22/23 MP: 3/5
   505 | D:1      | Found a sparkling altar of Nemelex Xobeh.
   507 | D:1      | Found a shadowy altar of Dithmenos.
   507 | D:1      | Found a shadowy altar of Dithmenos.
   521 | D:1      | Found a shimmering altar of Xom.
   521 | D:1      | Found an iron altar of Okawaru.
   521 | D:1      | Found a white marble altar of Elyvilon.
   598 | D:1      | Reached skill level 4 in Unarmed Combat
   751 | D:2      | Reached XP level 3. HP: 28/28 MP: 6/6
   780 | D:2      | Learned a level 2 spell: Sticks to Snakes
   979 | D:2      | Identified the cursed +0 helmet "Xotiobos" {rN+}
   979 | D:2      | Noticed Robin
   999 | D:2      | Killed Robin
  1059 | D:2      | Reached XP level 4. HP: 35/35 MP: 7/7
  1063 | D:2      | You fall into a shaft and drop 2 floors!
  1087 | D:4      | Reached skill level 5 in Unarmed Combat
  1168 | D:4      | Found an ornate altar of the Wu Jian Council.
  1560 | D:4      | Found a glowing drain.
  1571 | Sewer    | Entered a sewer
  1596 | Sewer    | Noticed a big kobold
  1596 | Sewer    | Noticed a big kobold
  1605 | Sewer    | Killed a big kobold
  1605 | Sewer    | Reached skill level 1 in Throwing
  1605 | Sewer    | Reached skill level 6 in Unarmed Combat
  1605 | Sewer    | Reached XP level 5. HP: 36/40 MP: 2/8
  1748 | Sewer    | Reached XP level 6. HP: 44/47 MP: 5/9
  2019 | D:4      | Learned a level 3 spell: Spider Form
  2434 | D:3      | Found a sacrificial altar of Ru.
  2552 | D:3      | Reached skill level 1 in Poison Magic
  3087 | D:2      | Found a hazy altar of Hepliaklqana.
  3340 | D:5      | Entered Level 5 of the Dungeon
  3546 | D:5      | Found an ancient bone altar of Kikubaaqudgha.
  3671 | D:5      | Found a glowing golden altar of the Shining One.
  3748 | D:5      | Your scales start taking on a fiery red colour.
  3748 | D:5      | Reached XP level 7. HP: 49/52 MP: 8/11
  3748 | D:5      | Gained mutation: Your flesh is heat resistant. (rF+) [Red
                  | Draconian growth]
  3794 | D:5      | Noticed Blork the orc
  3808 | D:5      | Killed Blork the orc
  3862 | D:5      | Found a runed translucent gate.
  3862 | D:5      | Found a runed translucent gate.
  3864 | D:5      | Found a runed translucent gate.
  3865 | D:5      | Noticed YoungGLord's ghost (novice GrEE)
  4349 | D:6      | Noticed Eustachio
  4370 | D:6      | Killed Eustachio
  4500 | D:6      | Reached skill level 5 in Spellcasting
  4500 | D:6      | Reached XP level 8. HP: 32/59 MP: 13/15
  4577 | D:6      | Noticed Edmund
  4591 | D:6      | Killed Edmund
  4636 | D:6      | Reached skill level 5 in Transmutations
  4830 | D:6      | Noticed Menkaure
  4841 | D:6      | Killed Menkaure
  5306 | D:6      | Found a radiant altar of Vehumet.
  5496 | D:6      | Reached skill level 7 in Unarmed Combat
  6059 | D:7      | Reached XP level 9. HP: 64/64 MP: 12/18
  6168 | D:7      | Reached skill level 8 in Unarmed Combat
  6346 | D:7      | Found a staircase to the Ecumenical Temple.
  6385 | Temple   | Entered the Ecumenical Temple
  6656 | Temple   | Became a worshipper of Makhleb the Destroyer
  6817 | D:7      | Found Quegis's Assorted Antiques.
  6820 | D:7      | Bought a scroll of teleportation for 99 gold pieces
  6844 | D:7      | Reached skill level 9 in Unarmed Combat
  7098 | D:7      | Found a blossoming altar of Fedhas.
  7263 | D:8      | Found a staircase to the Lair.
  7580 | D:8      | Reached skill level 10 in Unarmed Combat
  7829 | D:8      | Upgraded the game from 0.25-a0-972-g74ed164fb1 to
                  | 0.25-a0-990-g0adbbaad2a
  7830 | Lair:1   | Entered Level 1 of the Lair of Beasts
  7907 | Lair:1   | Reached * piety under Makhleb
  8011 | Lair:1   | Reached XP level 10. HP: 36/77 MP: 16/19
  8019 | Lair:1   | Reached skill level 5 in Dodging
  8296 | Lair:1   | Noticed a spiny frog
  8313 | Lair:1   | Killed a spiny frog
  8391 | Lair:1   | Noticed a five-headed hydra
  8418 | Lair:1   | Mangled by a five-headed hydra

Illustrated notes

Levels and vault maps discovered:
D:1:      minmay_arrival_wavy_path, layout_rooms, doesnt_xom_only_xom
D:2:      layout_basic, old_standard_altar, uniq_robin
D:3:      layout_rooms, nicolae_ru_sacrificial_ziggurat, first_ration
D:4:      layout_basic, kennysheep_mini, gup_sewer_entry_bubbles
D:5:      cheibrodos_iron_armory, layout_loops_ring,
          nicolae_tso_besieged_by_evil, kiku_gazebo_garden_becter,
          gammafunk_ghost_necromancy, uniq_blork_the_orc
D:6:      kb_forest_paths, layout_basic, marbit_many_paths, grunt_tough_drop,
          uniq_eustachio, uniq_menkaure, uniq_edmund
D:7:      layout_loops_ring, overflow_temple_1_default,
          minmay_temple_entry_glass, serial_shops, nicolae_shop_behind_doors
D:8:      layout_basic, lair_entry_dummy, grunt_ogre_cave
Temple:   dpeg_chambers_temple
Lair:1:   layout_roguey, serial_bayou, serial_bayou_pond_b, serial_bayou_lake_a,
          serial_bayou_lagoon_a, serial_bayou_pond_a

Skill      XL: |  1  2  3  4  5  6  7  8  9 10 |
---------------+-------------------------------+-----
Unarmed Combat | 4 6 7 10 | 10.0
Throwing       | 1 |  1.0
Transmutations | 3 4 6 |  6.0
Spellcasting   | 3 5 6 |  6.0
Poison Magic   | 3 |  3.0
Dodging        | 2 4 5 |  5.9
Fighting       | 3 4 |  4.1
Stealth        | |  0.2

Action                   |  1- 3 |  4- 6 |  7- 9 | 10-12 || total
-------------------------+-------+-------+-------+-------++-------
Melee: Unarmed           |    91 |   257 |   337 |    25 ||   710
       Tailslap          |    10 |    34 |    12 |       ||    56
       Kick              |     9 |    18 |     6 |       ||    33
       Headbutt          |     2 |     7 |     3 |       ||    12
       Punch             |     2 |     4 |     6 |       ||    12
 Cast: Beastly Appendage |     9 |    20 |    14 |       ||    43
       Sticks to Snakes  |     2 |    13 |    23 |     4 ||    42
       Spider Form       |       |     1 |    29 |     4 ||    34
Evoke: Wand              |       |       |       |     1 ||     1
  Use: Scroll            |       |    15 |     2 |       ||    17
       Potion            |       |       |     3 |       ||     3
 Stab: Sleeping          |     1 |     4 |     1 |       ||     6
       Distracted        |       |       |     2 |       ||     2
       Paralysed         |       |       |       |     6 ||     6
  Eat: Chunk             |     1 |     7 |     9 |     3 ||    20
       Ration            |       |     1 |     2 |       ||     3
Armor: Skin              |    13 |    67 |    37 |       ||   117
Dodge: Dodged            |    55 |   147 |   243 |    32 ||   477

Table legend:
 A = Non-vault XP
 B = Vault XP
 C = Vault XP percentage of total XP
 D = Non-vault monster count
 E = Vault monster count
 F = Vault count percentage of total count
                 A         B        C        D         E       F
            +---------+---------+-------+---------+---------+-------
      Total |    5093 |    1589 |  23.8 |     131 |      63 |  32.5
            +---------+---------+-------+---------+---------+-------
        D:1 |      32 |       0 |   0.0 |      18 |       0 |   0.0
        D:2 |      55 |      29 |  34.5 |      20 |      11 |  35.5
        D:3 |      85 |       0 |   0.0 |      21 |       0 |   0.0
        D:4 |      63 |      27 |  30.0 |       7 |       5 |  41.7
        D:5 |     231 |     147 |  38.9 |       6 |      10 |  62.5
        D:6 |     828 |     959 |  53.7 |      11 |      12 |  52.2
        D:7 |    1242 |       0 |   0.0 |      25 |       0 |   0.0
        D:8 |     742 |     116 |  13.5 |      15 |       1 |   6.2
     Lair:1 |    1815 |       0 |   0.0 |       8 |       0 |   0.0
      Sewer |       0 |     311 | 100.0 |       0 |      24 | 100.0
            +---------+---------+-------+---------+---------+-------
